AoeStats
← 清远华

Yucatan

510788642Analyzed
4v4 RM · 21h ago on Oct 2, 2026· 40m 0s· 8 players
Game mode
Random Map
Map size
Large (8 player)
Population
200
Speed
Normal
Resources
Standard
Victory
Conquest
Starting age
Dark Age
Ending age
Imperial Age
RankedLock teamsTeams togetherTeam positionsShared explorationLock speedFull tech treeHidden civsTurbo modeCheats
Victory
Defeat
🇫🇮 Danes · Finland
2131
+5
🇫🇮 Varangians · Finland
2064
+7
🇨🇳 Mongols · China
1707
+19
🇫🇮 Saxons · Finland
1693
+20
🇨🇿 Shu · Czechia
1916
-17
🇨🇿 Hindustanis · Czechia
1863
-14
🇨🇿 Mongols · Czechia
1804
-12
🇨🇿 Magyars · Czechia
1704
-8
Villese
6:50 Loom
9:09 Feudal Age
9:18 Man-at-Arms
9:43 Double-Bit Axe
14:11 Fletching
17:11 Horse Collar
19:03 Wheelbarrow
25:56 Castle Age
25:17 Gold Mining
26:33 Bodkin Arrow
33:04 Bow Saw
34:46 Heavy Plow
34:37 Town Watch
Shyles
9:30 Loom
11:39 Feudal Age
15:58 Castle Age
14:36 Fletching
16:32 Double-Bit Axe
17:38 Bodkin Arrow
21:46 Horse Collar
23:59 Padded Archer Armor
28:12 Wheelbarrow
30:39 Imperial Age
28:35 Husbandry
28:36 Gold Mining
29:53 Bow Saw
30:07 Leather Archer Armor
30:45 Thumb Ring
30:42 Crossbowman
31:29 Arbalester
32:48 Ballistics
33:27 Bracer
34:55 Ring Archer Armor
35:33 Chemistry
38:34 Heavy Plow
39:32 Ring Archer Armor
40:00 Man-at-Arms
清远华
9:33 Feudal Age
10:38 Double-Bit Axe
13:45 Castle Age
15:03 Bow Saw
16:19 Horse Collar
24:56 Gold Mining
25:55 Wheelbarrow
25:48 Fletching
27:05 Bodkin Arrow
27:49 Padded Archer Armor
32:07 Imperial Age
29:23 Loom
30:27 Ballistics
32:02 Gold Shaft Mining
31:19 Stone Mining
32:18 Hand Cart
33:16 Conscription
33:39 Stone Shaft Mining
33:46 Elite Mangudai
35:45 Bracer
36:12 Parthian Tactics
37:47 Chemistry
37:28 Leather Archer Armor
38:33 Thumb Ring
38:41 Bloodlines
38:32 Husbandry
TheMax
7:18 Loom
9:44 Feudal Age
14:00 Castle Age
12:25 Double-Bit Axe
15:52 Bow Saw
20:16 Fishing Lines
23:13 Gillnets
23:32 Town Watch
24:22 Wheelbarrow
23:40 Stone Mining
28:56 Imperial Age
26:44 Scale Mail Armor
27:49 Chain Mail Armor
27:45 Forging
28:30 Squires
28:15 Gambesons
28:16 Arson
29:19 Hand Cart
30:09 Plate Mail Armor
30:15 Iron Casting
29:05 Elite Varangian Guard
31:26 Gold Mining
33:47 Blast Furnace
34:33 Gothikon
36:44 Fletching
37:16 Ballistics
36:37 Treadmill Crane
37:20 Ballistics
37:12 Masonry
39:31 Siege Engineers
39:55 Bodkin Arrow
pren
3:11 Loom
9:38 Feudal Age
9:57 Man-at-Arms
10:32 Double-Bit Axe
11:49 Arson
15:00 Fletching
17:18 Padded Archer Armor
19:10 Horse Collar
26:05 Castle Age
27:08 Bow Saw
27:38 Wheelbarrow
27:23 Gold Mining
32:42 Imperial Age
32:09 Bodkin Arrow
33:31 Bracer
36:16 Conscription
38:28 Ballistics
41:19 Chemistry
RoR | Váša
6:24 Loom
8:43 Feudal Age
9:56 Double-Bit Axe
12:47 Fletching
17:02 Horse Collar
21:06 Castle Age
20:14 Padded Archer Armor
20:05 Gold Mining
21:44 Bodkin Arrow
21:10 Crossbowman
22:01 Bow Saw
22:19 Leather Archer Armor
22:18 Town Watch
24:09 Wheelbarrow
31:46 Ballistics
34:24 Imperial Age
32:16 Hand Cart
32:49 Heavy Plow
33:26 Masonry
33:47 Thumb Ring
34:36 Treadmill Crane
34:28 Arbalester
35:18 Bracer
36:25 Chemistry
37:39 Ring Archer Armor
38:35 Two-Man Saw
38:10 Gold Shaft Mining
Ovenka
10:01 Feudal Age
14:26 Castle Age
12:16 Double-Bit Axe
12:59 Horse Collar
15:18 Scale Barding Armor
15:18 Heavy Plow
15:32 Bow Saw
18:31 Wheelbarrow
18:58 Heavy Plow
19:39 Husbandry
21:20 Hand Cart
23:57 Gold Mining
26:32 Gold Shaft Mining
29:39 Imperial Age
26:55 Loom
28:22 Bloodlines
28:23 Forging
28:34 Chain Barding Armor
28:13 Town Watch
30:30 Iron Casting
31:01 Plate Barding Armor
29:48 Heavy Camel Rider
31:44 Imperial Camel Rider
33:00 Iron Casting
33:58 Chemistry
34:03 Grand Trunk Road
34:23 Conscription
35:56 Blast Furnace
Vormit
10:11 Feudal Age
10:46 Loom
15:22 Castle Age
15:06 Scale Barding Armor
20:16 Bloodlines
25:05 Chain Barding Armor
28:17 Horse Collar
29:17 Fletching
33:31 Double-Bit Axe
35:23 Wheelbarrow
38:07 Heavy Plow
41:30 Imperial Age
Connection lost

Rejoining the realm…

Still unreachable

The connection could not be restored.

Session expired

The server has moved on; the page needs a fresh start.